 Dungeon Crawl Stone Soup version 0.28-a0-1638-g9123634e07 (webtiles) character file.

Game seed: 4594697235611851278

64 hashsling the Grave Robber (level 4, -4/36 HPs)
             Began as a Hill Orc Necromancer on Jan 26, 2022.
             Slain by a worm (9 damage)
             ... on level 2 of the Dungeon.
             The game lasted 00:04:32 (2791 turns).

hashsling the Grave Robber (Hill Orc Necromancer)   Turns: 2791, Time: 00:04:33

Health: -4/36      AC:  3    Str: 12    XL:     4   Next: 12%
Magic:  2/6        EV: 19    Int: 15    God:
Gold:   74         SH:  0    Dex: 11    Spells: 1/6 levels left

rFire   . . .      SeeInvis .   a - +0 mace
rCold   . . .      Faith    .   (no shield)
rNeg    . . .      Spirit   .   c - +0 leather armour
rPois   .          Reflect  .   (no helmet)
rElec   .          Harm     .   (no cloak)
rCorr   .          Rampage  .   (no gloves)
Will    .....                   (no boots)
Stlth   ++........              (no amulet)
HPRegen 0.12/turn               k - +4 ring of evasion
MPRegen 0.10/turn               l - +4 ring of evasion

@: no status effects
A: no striking features
a: no special abilities


You were on level 2 of the Dungeon.
You visited 1 branch of the dungeon, and saw 2 of its levels.

You collected 74 gold pieces.

Inventory:

Hand Weapons
 a - a +0 mace (weapon)
 e - a +0 short sword
Armour
 c - a +0 leather armour (worn)
 g - a +0 kite shield
Jewellery
 k - a +4 ring of evasion (left hand)
 l - a +4 ring of evasion (right hand)
Scrolls
 b - a scroll of holy word {unknown}
 f - a scroll of enchant weapon {unknown}
 i - 2 scrolls of teleportation {unknown}
 j - a scroll of vulnerability {unknown}
Potions
 d - 2 potions of mutation {unknown}
 h - 3 potions of flight {unknown}
 m - a potion of berserk rage {unknown}


   Skills:
 * Level 2.3 Fighting
 + Level 0.9 Armour
 + Level 1.9 Dodging
 - Level 2.0 Stealth
 + Level 0.2 Shields
 + Level 1.9 Spellcasting
 + Level 4.2 Necromancy


You had one spell level left.
You knew the following spells:

 Your Spells              Type           Power      Damage    Failure   Level
a - Pain                  Necr           56%        1d6       4%          1
b - Animate Skeleton      Necr           28%        N/A       4%          1
c - Vampiric Draining     Necr           14%        2d7       16%         3

Your spell library contained the following spells:

 Spells                   Type           Power      Damage    Failure   Level
 Animate Dead             Necr           7%         N/A       45%         4
 Agony                    Necr           14%        N/A       80%         5


Dungeon Overview and Level Annotations

Branches:
Dungeon (2/15)

Altars:
Makhleb


Message History

The adder poisons you!
You feel very sick. The bat misses you.
Your magical contamination has completely faded away.
You feel sick.
You feel sick. The bat closely misses you.
Aiming: Pain (safe; 4% risk of failure)
Press: ? - help, Q - select action, (/) - cycle Shift-Dir - straight line, f/p - adder
Aim: an adder (almost dead, chance to affect: 78%)
The adder writhes in agony.
You kill the adder!
You feel sick. The bat closely misses you. x2
You have reached level 4!
You barely miss the bat.
You feel sick. The bat misses you.
You hit the rat. You punch the rat.
You kill the rat!
You feel sick. The bat completely misses you.
You sock the goblin!
You kill the goblin!
You feel sick. The bat misses you.
You barely miss the bat.
You feel sick.
You are no longer poisoned.
The bat barely misses you. x3
You hit the bat.
The bat is severely wounded.
The bat misses you. The bat completely misses you.
You sock the bat!
You kill the bat!
You barely miss the worm. You hit the worm.
The worm is lightly wounded.
The worm bites you.
* * * LOW HITPOINT WARNING * * *
You hit the worm.
The worm is lightly wounded.
The worm closely misses you.
You sock the worm!
The worm is heavily wounded.
The worm bites you!
You die...

#.# #..##.# #.####. ##.###..##.#
#.###. . # .#.........# #..#.. ..
. ........#### ####.# ... .
.......## ##.# ...# ##. ..######
#..#...# #.. ...### ## #r..w# .
##.# .....###
##.######.####...##..# ..##...###
#.#..@w†#......###...#
#.####...####.####.....####...#.#
#.# ###...##.# ########....###..
#.# ###....###........#####..#
#.# ###...#..###..### #..# #.#
##.......## #..# #.##
#.#######.....#### #..# #...
#.............# #..# ##.#.
########......# #..# #..#.


You could see a worm.

Vanquished Creatures
  2 adders (D:2)
  A worm (D:2)
  5 endoplasms
  A giant cockroach (D:2)
  3 goblins
  7 hobgoblins
  4 quokkas
  A ball python (D:2)
  4 bats
  3 frilled lizards
  7 kobolds
  4 rats
42 creatures vanquished.

Vanquished Creatures (others)
  2 plants (D:1)
2 creatures vanquished.

Grand Total: 44 creatures vanquished

Notes
Turn   | Place    | Note
-------+----------+-------------------------------------------
     0 | D:1      | hashsling the Hill Orc Necromancer began the quest for the
                  | Orb.
     0 | D:1      | Reached XP level 1. HP: 14/14 MP: 3/3
     2 | D:1      | Learned a level 1 spell: Animate Skeleton
   344 | D:1      | Reached skill level 1 in Fighting
   344 | D:1      | Reached XP level 2. HP: 6/23 MP: 0/4
  1422 | D:1      | Reached XP level 3. HP: 18/28 MP: 0/5
  1694 | D:1      | Found a faded altar of an unknown god.
  1869 | D:2      | Found a burning altar of Makhleb.
  2200 | D:2      | Learned a level 3 spell: Vampiric Draining
  2782 | D:2      | Reached XP level 4. HP: 12/36 MP: 1/6
  2791 | D:2      | Slain by a worm

Illustrated notes

Levels and vault maps discovered:
D:1:      saegor_arrival_simple_e, layout_loops_ring, basic_ecumenical_altar,
          serial_bayou_pond_c
D:2:      minmay_evil_eye, layout_loops_ring, st_stairs_10, minmay_hexomino_r4

Skill      XL: |  1  2  3 |
---------------+----------+-----
Fighting       | 1 2 |  2.3
Stealth        | 2 |  2.0
Armour         | |  0.9
Dodging        | |  1.9
Shields        | |  0.2
Spellcasting   | |  1.9
Necromancy     | |  4.2

Action                   |  1- 3 |  4- 6 || total
-------------------------+-------+-------++-------
Melee: Dagger            |    20 |       ||    20
       Short sword       |    13 |       ||    13
       Mace              |    41 |    10 ||    51
       Punch             |       |     1 ||     1
 Cast: Pain              |    52 |       ||    52
Armor: Robe              |     4 |       ||     4
       Leather armour    |     9 |       ||     9
Dodge: Dodged            |    76 |     9 ||    85

Table legend: (Time is in decaauts)
 A = Elapsed time spent in this place.
 B = Non-inter-level travel time spent in this place.
 C = Inter-level travel time spent in this place.
 D = Time resting spent in this place.
 E = Time spent auto-exploring this place.
 F = Levels seen in this place.
 G = Mean time per level.
                   A        B        C        D        E       F      G
               +--------+--------+--------+--------+--------+-----+--------+
         Total |   2823 |   2745 |     78 |      0 |   2419 |   2 | 1411.5 |
       Dungeon |   2823 |   2745 |     78 |      0 |   2419 |   2 | 1411.5 |
               +--------+--------+--------+--------+--------+-----+--------+

Top non-repeatable levels by time:
     D:1: 1832 daAuts
     D:2: 991 daAuts
